AoeStats
← Addeos

Nomad

509814618Analyzed
2v2 RM · 2d ago on Sep 28, 2026· 45m 32s· 4 players
Game mode
Random Map
Map size
176×176
Population
200
Speed
Normal
Resources
Standard
Victory
Conquest
Starting age
Dark Age
Ending age
Imperial Age
RankedLock teamsTeams togetherTeam positionsShared explorationLock speedFull tech treeHidden civsTurbo modeCheats
Victory
Defeat
🇺🇸 Celts · United States
959
+15
🇹🇼 Varangians · Taiwan
874
+19
🇲🇽 Teutons · Mexico
936
-17
🇨🇴 Gurjaras · Colombia
936
-17
Slidhane
15:33 Feudal Age
16:04 Double-Bit Axe
16:02 Horse Collar
16:55 Loom
17:51 Wheelbarrow
25:31 Castle Age
27:39 Heavy Plow
28:39 Bow Saw
30:21 Hand Cart
30:59 Loom
32:37 Town Watch
33:22 Scale Barding Armor
40:22 Imperial Age
38:24 Elite Skirmisher
39:28 Chain Barding Armor
39:55 Fortified Wall
42:43 Plate Barding Armor
Addeos
13:31 Feudal Age
22:42 Castle Age
20:46 Fishing Lines
22:42 Double-Bit Axe
25:29 Gillnets
27:01 Wheelbarrow
28:32 Forging
33:28 Hand Cart
35:45 Imperial Age
34:12 Horse Collar
35:11 Iron Casting
34:41 Scale Barding Armor
35:23 Bow Saw
36:34 Chain Barding Armor
36:24 Kshatriyas
36:59 Heavy Plow
40:38 Plate Barding Armor
40:16 Heavy Camel Rider
41:48 Conscription
42:22 Gold Mining
42:59 Bloodlines
42:49 Husbandry
43:55 Elite Chakram Thrower
45:27 Crop Rotation
44:59 Fletching
45:10 Padded Archer Armor
Khan Noonien Smith
4:13 Loom
16:39 Feudal Age
17:09 Double-Bit Axe
17:13 Town Watch
18:55 Fishing Lines
22:42 Castle Age
21:17 Stone Mining
21:43 Scale Barding Armor
24:21 Stone Shaft Mining
23:48 Gillnets
23:53 Horse Collar
24:27 Bow Saw
24:06 Pikeman
26:32 Gold Mining
27:29 Wheelbarrow
27:50 Gold Shaft Mining
28:50 Hand Cart
29:37 Heavy Plow
33:32 Imperial Age
30:58 Fletching
31:49 Man-at-Arms
33:27 Long Swordsman
33:36 Capped Ram
34:53 Murder Holes
35:23 Conscription
35:07 Two-Handed Swordsman
36:49 Siege Ram
38:15 Champion
38:37 Halberdier
40:00 Arson
46:05 Furor Celtica
45:46 Stronghold
森永
13:32 Loom
15:43 Feudal Age
21:28 Castle Age
28:05 Double-Bit Axe
28:24 Horse Collar
29:26 Wheelbarrow
29:09 Forging
29:34 Stone Mining
29:43 Gambesons
30:03 Scale Mail Armor
29:58 Gold Mining
31:32 Hand Cart
32:11 Heavy Plow
32:24 Bow Saw
32:54 Stone Shaft Mining
33:17 Town Watch
33:44 Arson
34:00 Squires
33:58 Pikeman
38:04 Imperial Age
37:17 Iron Casting
36:59 Chain Mail Armor
37:11 Ballistics
40:34 Blast Furnace
40:05 Plate Mail Armor
39:59 Conscription
40:49 Chemistry
39:58 Elite Varangian Guard
43:10 Scale Barding Armor
42:30 Halberdier
44:05 Bloodlines
43:56 Husbandry
43:18 Light Cavalry
43:49 Vendel Legacy
45:16 Capped Ram
Connection lost

Rejoining the realm…

Still unreachable

The connection could not be restored.

Session expired

The server has moved on; the page needs a fresh start.